 Dungeon Sprint DCSS version 0.29-a0-468-ge57f7f99b4 (webtiles) character file.

Game seed: 3680830956594328211

6712 mhtbhm the Severer (level 10, -14/105 HPs)
             Began as a White Draconian Berserker on May 21, 2022.
             Was the Champion of Trog.
             Demolished by a death cob (18 damage)
             ... in the Dungeon (Sprint VII: "The Pits").
             The game lasted 00:03:44 (2188 turns).

mhtbhm the Severer (White Draconian Berserker)      Turns: 2188, Time: 00:03:45

Health: -14/105    AC:  8    Str: 25    XL:     10   Next: 74%
Magic:  10/10      EV: 15    Int: 13    God:    Trog [******]
Gold:   0          SH:  0    Dex: 10    Spells: 9/9 levels left

rFire   . . .      SeeInvis .   a - +5 battleaxe (vorpal)
rCold   + . .      Faith    .   (shield currently unavailable)
rNeg    . . .      Spirit   .   (body armour unavailable)
rPois   .          Reflect  .   (helmet restricted)
rElec   .          Harm     .   n - +0 cloak
rCorr   .          Rampage  .   (no gloves)
Will    .....      NoTele   +   (no boots)
Stlth   +++.......              (no amulet)
HPRegen 0.27/turn               k - +3 ring of intelligence
MPRegen 0.12/turn               l - +3 ring of intelligence

@: slowed, very slow
A: breathe frost, AC +7, unfitting armour, cold resistance 1, cold-blooded
a: Breathe Frost, Renounce Religion, Berserk, Trog's Hand, Brothers in Arms


You were in the Dungeon.
You worshipped Trog.
Trog was exalted by your worship.
You visited 1 branch

Inventory:

Hand Weapons
 a - a +5 vorpal battleaxe (weapon)
 g - a +3 executioner's axe of flaming
Missiles
 o - a throwing net (quivered)
Armour
 n - a +0 cloak (worn)
Jewellery
 k - a +3 ring of intelligence (left hand)
 l - a +3 ring of intelligence (right hand)
Scrolls
 i - a scroll of summoning
Potions
 b - 10 potions of curing
 c - 6 potions of heal wounds
 d - a potion of haste
 e - 4 potions of magic
 f - 5 potions of berserk rage
 h - 2 potions of invisibility
 j - a potion of attraction {unknown}
 m - a potion of resistance


   Skills:
 + Level 15.3 Fighting
 + Level 17.9 Axes
 + Level 11.2 Dodging
 + Level 5.9 Stealth


You had 9 spell levels left.
You didn't know any spells.
Your spell library was empty.

Dungeon Overview and Level Annotations

Branches:
Dungeon (1/1)

Altars:

Annotations:
D Erolcha


Innate Abilities, Weirdness & Mutations

You can breathe waves of freezing cold which knock back foes.
Your icy white scales are hard. (AC +7)
You cannot fit into any form of body armour.
Your flesh is cold resistant. (rC+)
You are cold-blooded and may be slowed by cold attacks.


Message History

You slice the death cob!!
Your tail-slap misses the death cob.
The death cob is moderately damaged.
The death cob hits you!
You hit the death cob but do no damage.
The death cob is moderately damaged.
The death cob misses you. The death cob hits you!
Erolcha casts a spell.
Erolcha flickers and vanishes!
Deactivating autopickup; reactivate with Ctrl-A.
You slash the death cob!
You tail-slap the death cob, but do no damage.
The death cob is moderately damaged.
The death cob hits you. The death cob drains your vigour!
You feel yourself slow down. The death cob closely misses you.
You slice the death cob!!
You tail-slap the death cob, but do no damage.
The death cob is heavily damaged.
The death cob closely misses you. The death cob hits you!
The death cob drains your vigour!
You feel as though you will be slow longer.
The wight hits you but does no damage. The death cob hits you!
* * * LOW HITPOINT WARNING * * *
The wight hits you from afar with a +2 spear!
* * * LOW HITPOINT WARNING * * *
You hear some strange, mumbled words.
Unknown command.
You feel much better. The death cob hits you!
* * * LOW HITPOINT WARNING * * *
The death cob drains your vigour!
You feel as though you will be slow longer.
The death cob hits you.
* * * LOW HITPOINT WARNING * * *
The death cob drains your vigour!
You feel as though you will be slow longer.
The death cob hits you!
* * * LOW HITPOINT WARNING * * *
The wight hits you from afar with a +2 spear!
* * * LOW HITPOINT WARNING * * *
The death cob hits you!!
You die...

........+ .#......#
........# #''######
#''#######################
#.[.)....[.#......#g......
#...)..))))'......#.....t.
#..#####)))#####'##.....ry
#..))..#....).{.@z§.......
#..#)).#........##z##.....
#..#...#.#####..#...# ###
#..#####))...#..#z..#
#........#)..'..##z##
#........#...#......
##+###...#...#......
....'...#'###...###
....#...... ...#


You could see a death cob and a wight.

Vanquished Creatures
  Harold (D)
  A hydra (D)
  A deep troll (D)
  An orc knight (D)
  A lindwurm (D)
  A demonic crawler (D)
  A guardian mummy (D)
  3 trolls (D)
  A polar bear (D)
  A wyvern (D)
  A steam dragon (D)
  A redback (D)
  4 vampire mosquitoes (D)
  Menkaure (D)
  A floating eye (D)
  2 orc warriors (D)
  A phantom (D)
  A kobold brigand (D)
  A necrophage (D)
  2 gnoll sergeants (D)
  A wight (D)
  2 crimson imps (D)
  A gnoll shaman (D)
  Terence (D)
  10 gnolls (D)
  3 adders (D)
  A river rat (D)
  An ufetubus (D)
  An adder skeleton (D)
  A worm (D)
  3 orcs (D)
  2 ball pythons (D)
  A bat zombie (D)
  A goblin (D)
  A quokka (D)
  A ball python skeleton (D)
  A bat (D)
  A frilled lizard (D)
  A quokka skeleton (D)
  A rat (D)
62 creatures vanquished.

Vanquished Creatures (collateral kills)
  A boulder beetle (D)
  An ogre (D)
  A kobold brigand (D)
  A gnoll (D)
4 creatures vanquished.

Grand Total: 66 creatures vanquished

Notes
Turn   | Place    | Note
-------+----------+-------------------------------------------
     0 | D        | mhtbhm the Draconian Berserker began the quest for the Orb.
     0 | D        | Reached XP level 1. HP: 19/19 MP: 1/1
    27 | D        | Reached XP level 2. HP: 27/27 MP: 2/2
   216 | D        | Reached ** piety under Trog
   217 | D        | Reached skill level 4 in Axes
   408 | D        | Noticed a crimson imp
   419 | D        | Reached skill level 5 in Fighting
   419 | D        | Reached *** piety under Trog
   421 | D        | Reached XP level 3. HP: 36/36 MP: 3/3
   422 | D        | Reached skill level 5 in Axes
   534 | D        | Noticed Terence
   535 | D        | Noticed a phantom
   535 | D        | Noticed a gnoll sergeant
   540 | D        | Reached XP level 4. HP: 44/44 MP: 4/4
   542 | D        | Killed a gnoll sergeant
   543 | D        | Reached skill level 6 in Axes
   543 | D        | Reached skill level 5 in Dodging
   543 | D        | Reached **** piety under Trog
   544 | D        | Reached skill level 7 in Axes
   544 | D        | Reached XP level 5. HP: 52/52 MP: 5/5
   547 | D        | Reached skill level 1 in Stealth
   550 | D        | Killed Terence
   553 | D        | Killed a phantom
   553 | D        | Reached ***** piety under Trog
   554 | D        | Reached skill level 8 in Axes
   566 | D        | Reached XP level 6. HP: 39/62 MP: 6/6
   715 | D        | Noticed a floating eye
   717 | D        | Paralysed by a floating eye for 2 turns
   721 | D        | Killed a floating eye
   721 | D        | Received a gift from Trog
   722 | D        | Reached skill level 9 in Axes
   734 | D        | Noticed a demonic crawler
   739 | D        | Killed a demonic crawler
   740 | D        | Reached skill level 11 in Axes
   740 | D        | Your scales start taking on an icy white colour.
   740 | D        | Reached XP level 7. HP: 71/71 MP: 7/7
   740 | D        | Gained mutation: Your flesh is cold resistant. (rC+) [White
                  | Draconian growth]
   914 | D        | Noticed Menkaure
   919 | D        | Reached skill level 10 in Fighting
   922 | D        | Killed Menkaure
  1086 | D        | Noticed a polar bear
  1086 | D        | Noticed an eight-headed hydra
  1091 | D        | Killed a polar bear
  1092 | D        | Reached skill level 12 in Axes
  1092 | D        | Reached XP level 8. HP: 81/81 MP: 8/8
  1096 | D        | Killed a 12-headed hydra
  1096 | D        | Received a gift from Trog
  1097 | D        | Reached skill level 13 in Axes
  1380 | D        | Noticed a guardian mummy
  1390 | D        | Killed a guardian mummy
  1391 | D        | Reached skill level 14 in Axes
  1391 | D        | Reached XP level 9. HP: 44/90 MP: 9/9
  1584 | D        | Received a gift from Trog
  1600 | D        | Noticed an orc knight
  1601 | D        | Noticed a boulder beetle
  1601 | D        | Noticed a troll
  1601 | D        | Noticed a troll
  1602 | D        | Reached ****** piety under Trog
  1605 | D        | Noticed a troll
  1610 | D        | Killed an orc knight
  1610 | D        | Killed a troll
  1611 | D        | Reached skill level 15 in Axes
  1611 | D        | Reached skill level 10 in Dodging
  1611 | D        | Noticed a deep troll
  1612 | D        | Received a gift from Trog
  1613 | D        | Killed a troll
  1619 | D        | Received a gift from Trog
  1620 | D        | Reached skill level 5 in Stealth
  1626 | D        | Killed a troll
  1627 | D        | Reached skill level 16 in Axes
  1627 | D        | Reached XP level 10. HP: 32/102 MP: 10/10
  1628 | D        | Killed a deep troll
  1632 | D        | Killed a boulder beetle
  1854 | D        | Received a gift from Trog
  1855 | D        | Reached skill level 17 in Axes
  1962 | D        | Noticed a lindwurm
  1973 | D        | Killed a lindwurm
  1974 | D        | Reached skill level 15 in Fighting
  1975 | D        | Received a gift from Trog
  2008 | D        | Noticed Erolcha
  2104 | D        | Noticed Harold
  2104 | D        | Noticed a death cob
  2126 | D        | Killed Harold
  2188 | D        | HP: 4/105 [wight/+2 spear (7)]
  2188 | D        | Demolished by a death cob

Illustrated notes

Levels and vault maps discovered:
D:        pitsprint [storerooms_1, entrance_room_1, metal_vault_8, armoury_2,
          mini_pit_1, grid_room_1, main_hall_1, silver_pit, the_coven_3,
          the_vestibule_1, steel_vault_3, golden_pit, hallway_of_sentries,
          crystal_vault_2, iron_vault_5, final_vault]

Skill      XL: |  1  2  3  4  5  6  7  8  9 10 |
---------------+-------------------------------+-----
Fighting       | 4 5 6 7 8 9 10 12 13 15 | 15.3
Dodging        | 3 4 5 6 8 9 10 11 | 11.2
Axes           | 4 5 7 8 11 12 14 16 17 | 17.9
Stealth        | 1 2 3 5 |  5.9

Action                   |  1- 3 |  4- 6 |  7- 9 | 10-12 || total
-------------------------+-------+-------+-------+-------++-------
Melee: Hand axe          |    38 |    24 |       |       ||    62
       Tailslap          |     1 |     4 |     6 |     5 ||    16
       War axe           |       |     5 |    30 |       ||    35
       Battleaxe         |       |       |    15 |    36 ||    51
Invok: Berserk           |     3 |     1 |     2 |       ||     6
       Brothers in Arms  |       |       |     1 |       ||     1
 Abil: Breathe Frost     |       |       |     2 |       ||     2
  Use: Potion            |       |       |     1 |     1 ||     2
       Scroll            |       |       |     1 |       ||     1
 Stab: Sleeping          |       |     1 |     1 |       ||     2
       Distracted        |       |       |       |     1 ||     1
Armor: Skin              |    17 |     6 |    13 |     7 ||    43
Dodge: Dodged            |    21 |    20 |    51 |    25 ||   117

Table legend: (Time is in decaauts)
 A = Elapsed time spent in this place.
 B = Non-inter-level travel time spent in this place.
 C = Inter-level travel time spent in this place.
 D = Time resting spent in this place.
 E = Time spent auto-exploring this place.
 F = Levels seen in this place.
 G = Mean time per level.
                   A        B        C        D        E       F      G
               +--------+--------+--------+--------+--------+-----+--------+
         Total |   2217 |   2217 |      0 |   1680 |      0 |   1 | 2217.0 |
       Dungeon |   2217 |   2217 |      0 |   1680 |      0 |   1 | 2217.0 |
               +--------+--------+--------+--------+--------+-----+--------+

Top non-repeatable levels by time:
       D: 2217 daAuts
